 Dungeon Crawl Stone Soup version 0.21.1-1-g345015f (webtiles) character file.

2655 Kagorn the Skirmisher (level 9, -2/56 HPs)
             Began as a Gargoyle Berserker on June 10, 2018.
             Was an Elder of Trog.
             Slain by an orc knight
             ... wielding a +0 trident
              (16 damage)
             ... in a bailey.
             The game lasted 01:12:30 (6146 turns).

Kagorn the Skirmisher (Gargoyle Berserker)          Turns: 6146, Time: 01:12:30

Health: -2/56      AC: 11    Str: 21    XL:     9   Next: 62%
Magic:  9/9        EV: 12    Int:  5    God:    Trog [****..]
Gold:   249        SH: 11    Dex: 16    Spells: 8/8 levels left

rFire    x . .     SeeInvis .   x - +7 Singing Sword
rCold    + . .     Gourm    .   r - +1 shield
rNeg     + + .     Faith    .   f - +1 leather armour of the Comet {rN+ Regen+ Int-3 Dex+4}
rPois    ∞         Spirit   .   (no helmet)
rElec    +         Reflect  .   (no cloak)
rCorr    .         Harm     .   (no gloves)
MR       .....                  (no boots)
Stlth    +++.......             m - amulet of regeneration
HPRegen  0.98/turn              h - ring of ice
MPRegen  0.11/turn              (no ring)

@: no status effects
A: negative energy resistance 1, electricity resistance, unbreathing,
petrification resistance, rot immunity, AC +6
a: Berserk, Trog's Hand, Brothers in Arms, Burn Spellbooks, Renounce Religion


You were in a bailey.
You worshipped Trog.
Trog was greatly pleased with you.
You were not hungry.

You visited 1 branch of the dungeon, and saw 8 of its levels.
You also visited: Bailey.

You collected 445 gold pieces.
You spent 196 gold pieces at shops.

Inventory:

Hand Weapons
 a - a +0 mace
 q - a +2 spear of draining
 x - the +7 Singing Sword (weapon)
   (You found it on level 5 of the Dungeon)
Missiles
 t - 5 poisoned tomahawks (quivered)
Armour
 f - the +1 leather armour of the Comet (worn) {rN+ Regen+ Int-3 Dex+4}
   (You found it on level 4 of the Dungeon)

   It affects your intelligence (-3).
   It affects your dexterity (+4).
   It protects you from negative energy.
   It increases your rate of regeneration.
 g - a +0 crystal plate armour
 r - a +1 shield (worn)
Jewellery
 h - a ring of ice (left hand)
 m - an amulet of regeneration (around neck)
Wands
 e - a wand of disintegration (12)
 j - a wand of flame (34)
 p - a wand of random effects (23)
 B - a wand of acid (7)
Scrolls
 b - 7 scrolls of teleportation
 k - a scroll of enchant armour
 n - a scroll of fog
 o - 5 scrolls of remove curse
 s - 4 scrolls of fear
 A - 6 scrolls of identify
Potions
 d - a potion of heal wounds
 i - 2 potions of flight {unknown}
 l - a potion of haste
 u - a potion of ambrosia {unknown}
 v - 2 potions of curing
 w - 2 potions of might
 z - a potion of berserk rage {unknown}
Comestibles
 c - 8 rations


   Skills:
 + Level 6.4 Fighting
 * Level 3.5 Long Blades
 - Level 4.0 Maces & Flails
 - Level 3.9 Polearms
 + Level 5.9 Armour
 + Level 4.4 Dodging
 + Level 5.8 Stealth
 * Level 4.3 Shields


You had 8 spell levels left.
You didn't know any spells.

Dungeon Overview and Level Annotations

Branches:
Dungeon (8/15)             Temple (0/1) D:6
   Lair: D:8-11

Altars:
Ashenzari
Dithmenos
Fedhas
Hepliaklqana

Shops:
D:5 !}![}   D:7 [


Innate Abilities, Weirdness & Mutations

You are resistant to torment.
Your stone body is resilient. (AC +6)
You are immune to poison.
You resist negative energy. (rN+)
You are resistant to electric shocks. (rElec)
You can survive without breathing.
You are immune to petrification.
You are immune to rotting.


Message History

There is a large open door here.
You now have 204 gold pieces (gained 12).
You now have 220 gold pieces (gained 16).
You now have 229 gold pieces (gained 9).
You now have 249 gold pieces (gained 20).
There is a large open door here.
There is a large open door here.
There is an open door here.
The orc knight hits you from afar with a trident.
The orc warrior completely misses you.
The orc knight roars a battlecry!
The orc warriors go into a battle-frenzy!
You block the orc warrior's attack.
The orc warrior hits you from afar with a glaive!
You block the orc warrior's attack.
The orc warrior hits you from afar with a glaive!!
Ouch! That really hurt!
* * * LOW HITPOINT WARNING * * *
The orc knight hits you from afar with a trident!
You die...

.≈.#########'###+#############.≈.
.≈.##.....##......§§.## ##.≈.
.≈..##...##..≈≈≈≈≈§§§.# ##..≈.
.≈≈..##.##..≈§....§≈≈..+ ##..≈≈.
∩.≈≈..#'#..≈≈..⌠∩⌠§§≈§.. #..≈≈.#
#.≈≈..#'#..≈≈.o.⌠..§≈≈ . #..≈≈.∩
.≈≈..##.##.)≈≈ooo..≈§§.# ##..≈≈.
.≈..##...##..≈≈≈§§§§..# ##..≈.
.≈.##.....§#....@....##.$$$.##.≈.
.≈.#############+#############.≈.
.≈.).)......## #####..≈.
.≈≈≈≈≈≈≈≈≈≈).## #######≈≈≈≈≈≈≈.
..........≈≈..## ##.).##.........
#########..≈≈..###..≈).##.#######
##..≈≈.....≈≈...##...####
##..≈≈≈≈≈≈≈..#######..∩#
##.........## ####∩


You could see an orc knight and 3 orc warriors.

Vanquished Creatures
  A hippogriff (D:7)
  Sigmund (D:5)
  Eustachio (D:6)
  3 orc warriors (Bailey)
  A black bear (D:7)
  An ogre (D:4)
  2 ice beasts
  A big kobold (D:8)
  2 bullfrogs (D:6)
  7 scorpions (D:5)
  3 crimson imps
  5 jellies
  2 hounds
  A bullfrog skeleton (D:5)
  4 orc wizards
  Jessica (D:3)
  An iguana (D:5)
  Natasha (twice) (D:3)
  6 worker ants
  A hound skeleton (D:6)
  2 worker ant zombies
  3 gnolls (D:4)
  9 adders
  2 shadow imps (D:7)
  An adder skeleton (D:4)
  An adder zombie (D:6)
  3 worms
  3 dart slugs
  4 leopard geckos
  29 orcs
  A ball python (D:3)
  7 giant cockroaches
  6 hobgoblins
  4 jackals (D:3)
  4 quokkas
  14 bats
  A frilled lizard (D:3)
  9 goblins
  4 kobolds
  A leopard gecko skeleton (D:4)
  A quokka skeleton (D:4)
  4 rats
159 creatures vanquished.

Vanquished Creatures (others)
  4 fungi (D:5)
  A plant (D:5)
5 creatures vanquished.

Grand Total: 164 creatures vanquished

Notes
Turn   | Place    | Note
-------+----------+-------------------------------------------
     0 | D:1      | Kagorn the Gargoyle Berserker began the quest for the Orb.
     0 | D:1      | Reached XP level 1. HP: 14/14 MP: 1/1
   437 | D:1      | Reached XP level 2. HP: 19/19 MP: 2/2
   921 | D:2      | Reached skill level 1 in Stealth
   930 | D:2      | Found a faded altar of an unknown god.
   994 | D:2      | Reached XP level 3. HP: 23/23 MP: 3/3
  1059 | D:2      | Reached ** piety under Trog
  1453 | D:3      | Reached XP level 4. HP: 14/29 MP: 4/4
  1526 | D:3      | Found a blossoming altar of Fedhas.
  1561 | D:3      | Noticed Jessica
  1562 | D:3      | Found a shattered altar of Ashenzari.
  1576 | D:3      | Killed Jessica
  1576 | D:3      | Reached skill level 4 in Fighting
  1576 | D:3      | Reached XP level 5. HP: 32/33 MP: 5/5
  1580 | D:3      | Reached *** piety under Trog
  1676 | D:3      | Noticed Natasha
  1692 | D:3      | Killed Natasha
  1890 | D:3      | Found a hazy altar of Hepliaklqana.
  1913 | D:3      | Noticed Natasha
  1927 | D:3      | Killed Natasha
  1927 | D:3      | Reached XP level 6. HP: 31/39 MP: 6/6
  2089 | D:4      | Reached skill level 1 in Polearms
  2443 | D:4      | Got an ichor-stained leather armour
  2490 | D:4      | Found a shadowy altar of Dithmenos.
  2565 | D:4      | Reached XP level 7. HP: 44/44 MP: 7/7
  3122 | D:5      | Entered Level 5 of the Dungeon
  3268 | D:5      | Found Gire's Antique Armour Shop.
  3313 | D:5      | Bought a shield for 126 gold pieces
  3329 | D:5      | Identified the +1 leather armour of the Comet {rN+ Regen+ Int-3 Dex+4} (You found it on level 4 of the Dungeon)
  3349 | D:5      | Found Gulos's Distillery.
  3399 | D:5      | Bought a potion of heal wounds for 70 gold pieces
  3404 | D:5      | Found Hesh's Gadget Shoppe.
  3433 | D:5      | Received a gift from Trog
  3445 | D:5      | Noticed Sigmund
  3470 | D:5      | Reached skill level 5 in Fighting
  3490 | D:5      | Killed Sigmund
  3490 | D:5      | Reached XP level 8. HP: 42/49 MP: 8/8
  3748 | D:5      | Found the +7 Singing Sword
  3923 | D:5      | Found Fuyna Dio's Gadget Emporium.
  4093 | D:5      | Found Fifogiar's Distillery.
  4296 | D:6      | Reached skill level 5 in Armour
  4359 | D:6      | Reached skill level 1 in Shields
  4362 | D:6      | Reached skill level 1 in Long Blades
  4628 | D:6      | Found a staircase to the Ecumenical Temple.
  4679 | D:6      | Noticed Eustachio
  4714 | D:6      | Reached skill level 5 in Stealth
  4727 | D:6      | Killed Eustachio
  4727 | D:6      | Reached XP level 9. HP: 48/55 MP: 9/9
  5229 | D:7      | Reached skill level 6 in Fighting
  5234 | D:7      | Reached **** piety under Trog
  5343 | D:7      | Found Zoidghy's Armour Emporium.
  5855 | D:8      | Found a flagged portal.
  5860 | Bailey   | Entered a bailey
  6041 | Bailey   | Noticed an orc knight
  6146 | Bailey   | Slain by an orc knight

Skill      XL: |  1  2  3  4  5  6  7  8  9 |
---------------+----------------------------+-----
Stealth        | 1 2 3 4 5 |  5.8
Dodging        | 2 3 4 |  4.4
Armour         | 3 4 5 |  5.9
Fighting       | 4 5 6 |  6.4
Maces & Flails | 4 |  4.0
Polearms       | 1 3 |  3.9
Shields        | 2 4 |  4.3
Long Blades    | 2 3 |  3.5

Action                   |  1- 3 |  4- 6 |  7- 9 || total
-------------------------+-------+-------+-------++-------
Melee: Mace              |   136 |   153 |       ||   289
       Spear             |       |   129 |   221 ||   350
       Double sword      |       |       |   141 ||   141
Invok: Trog's Hand       |       |     2 |     3 ||     5
       Berserk           |       |     2 |     2 ||     4
       Burn Spellbooks   |       |       |     2 ||     2
  Use: Scroll            |     1 |     7 |     5 ||    13
       Potion            |       |       |     5 ||     5
 Stab: Sleeping          |       |       |     4 ||     4
       Distracted        |       |       |     1 ||     1
  Eat: Ration            |     2 |     1 |     5 ||     8
Armor: Ring mail         |    11 |       |       ||    11
       Animal skin       |     1 |       |       ||     1
       Plate armour      |   126 |   289 |       ||   415
       Crystal plate arm |       |       |   146 ||   146
       Leather armour    |       |       |   101 ||   101
Dodge: Dodged            |    90 |   134 |   173 ||   397
Block: Shield            |       |       |   216 ||   216
       Rpst.: Double sword |       |       |    30 ||    30
